 Dungeon Crawl Stone Soup version 0.20.0-9-g8272e65 (webtiles) character file.

75 Chiseanne the Ducker (level 4, -1/22 HPs)
             Began as a Spriggan Transmuter on June 2, 2017.
             Was a Follower of Qazlal.
             Slain by a jackal (3 damage)
             ... on level 3 of the Dungeon.
             The game lasted 00:07:16 (3136 turns).

Chiseanne the Ducker (Spriggan Transmuter)          Turns: 3136, Time: 00:07:16

Health: -1/22      AC:  2    Str:  7    XL:     4   Next: 11%
Magic:  8/9        EV: 19    Int: 14    God:    Qazlal [*.....]
Gold:   56         SH:  2    Dex: 16    Spells: 3/9 levels left

rFire    . . .     SeeInvis +     - Unarmed
rCold    . . .     Gourm    .   (shield restricted)
rNeg     . . .     Faith    .   b - +0 robe
rPois    .         Spirit   .   (helmet restricted)
rElec    .         Reflect  .   (no cloak)
rCorr    .         Harm     .   (gloves unavailable)
MR       .....                  (boots unavailable)
Stlth    +.........             (no amulet)
Regen    0.1/turn               (no ring)
MPRegen  0.2/turn               (no ring)

@: appendage, very quick
A: unfitting armour, talons 3, see invisible, herbivore 3, speed 3, slow
metabolism 2
a: End Transformation, Renounce Religion


You were on level 3 of the Dungeon.
You worshipped Qazlal.
Qazlal was aware of your devotion.
You were not hungry.
You had grown temporary talons.
You visited 1 branch of the dungeon, and saw 3 of its levels.

You collected 56 gold pieces.

Inventory:

Missiles
 a - 24 arrows
 e - 20 sling bullets
 i - 59 stones (quivered)
Armour
 b - a +0 robe (worn)
Scrolls
 j - a scroll of remove curse
 m - 2 scrolls of fog
Books
 c - a book of Changes

   Spells                             Type                      Level
   a - Beastly Appendage              Transmutation                1
   b - Sticks to Snakes               Transmutation                2
   c - Spider Form                    Transmutation/Poison         3
   d - Ice Form                       Ice/Transmutation            4
   e - Blade Hands                    Transmutation                5
Comestibles
 d - 2 bread rations
 l - a royal jelly


   Skills:
 * Level 1.4 Fighting
 * Level 3.9 Dodging
 * Level 2.8 Unarmed Combat
 * Level 3.2 Spellcasting
 * Level 3.8 Transmutations


You had 3 spell levels left.
You knew the following spells:

 Your Spells              Type           Power        Failure   Level  Hunger
a - Beastly Appendage     Tmut           ##....       4%          1    #......
b - Sticks to Snakes      Tmut           ##......     6%          2    ##.....
c - Spider Form           Tmut/Pois      #.........   28%         3    ###....


Dungeon Overview and Level Annotations

Branches:
Dungeon (3/15)

Altars:
Qazlal
Ru
Sif Muna
Xom


Innate Abilities, Weirdness & Mutations

You are very small and have problems with some larger weapons.
You are too small for most types of armour.
You have supernaturally acute eyesight. (SInv)
You are a herbivore.
You cover ground extremely quickly.
You need consume almost no food.
You have claws for feet.


Message History

You hear a loud clanging noise!
It was a scroll of noise.
You hear a shout! x9; You hear an angry hiss.
You hear a shout! x5
The jackal misses you.
As you read the scroll labeled YPTUNE EMUMOR, it crumbles to dust.
It is a scroll of identify.
m - 2 scrolls of fog The jackal misses you. x2
The orc wizard miscasts a cantrip.
As you read the scroll of identify, it crumbles to dust.
j - a scroll of remove curse The jackal closely misses you.
The jackal barely misses you. The giant cockroach closely misses you.
Casting: Sticks to Snakes
Confirm with . or Enter, or press ? or * to list all spells.
Your feet morph into talons.
The jackal bites you.
* * * LOW HITPOINT WARNING * * *
The jackal misses you. The giant cockroach closely misses you.
The jackal bites you.
You die...

.. #.# #.# #####
#.#### #...# .....#
#hs@# ...#.##
###.hh### .#.#..##
##.......##
.#..#..####.........#
..S.....##....≈≈≈....#
###..#..##...≈§≈≈≈...#
##S..##...≈§..o≈≈...#
##s..#..o≈≈.>.≈≈...#
#r#.#...≈≈...≈≈...#


You could see an orc wizard, an orc, 3 jackals and a giant cockroach.

Vanquished Creatures
  2 adders (D:2)
  A worm (D:2)
  3 dart slugs
  3 leopard geckos
  5 bats
  3 giant cockroaches
  8 goblins
  2 hobgoblins (D:2)
  2 quokkas (D:2)
  A ball python (D:1)
  5 frilled lizards
  5 kobolds (D:1)
  5 rats
45 creatures vanquished.

Notes
Turn   | Place    | Note
-------+----------+-------------------------------------------
     0 | D:1      | Chiseanne the Spriggan Transmuter began the quest for the Orb.
     0 | D:1      | Reached XP level 1. HP: 9/9 MP: 5/5
   347 | D:1      | Reached XP level 2. HP: 12/14 MP: 4/6
  1646 | D:2      | Reached XP level 3. HP: 17/17 MP: 6/8
  1692 | D:2      | Reached skill level 1 in Fighting
  1814 | D:2      | Found a shimmering altar of Xom.
  1847 | D:2      | Found a sacrificial altar of Ru.
  1985 | D:2      | Learned a level 2 spell: Sticks to Snakes
  1989 | D:2      | Learned a level 3 spell: Spider Form
  2246 | D:2      | Found a faded altar of an unknown god.
  2298 | D:2      | Became a worshipper of Qazlal Stormbringer
  2298 | D:2      | Reached * piety under Qazlal
  2731 | D:2      | Reached XP level 4. HP: 15/22 MP: 7/9
  3123 | D:3      | Found a deep blue altar of Sif Muna.
  3136 | D:3      | Slain by a jackal

Skill      XL: |  1  2  3 |
---------------+----------+-----
Transmutations | 3 |  3.8
Fighting       | 1 |  1.4
Spellcasting   | 3 |  3.2
Dodging        | |  3.9
Unarmed Combat | |  2.8

Action                   |  1- 3 |  4- 6 || total
-------------------------+-------+-------++-------
Melee: Unarmed           |   165 |    14 ||   179
       Headbutt          |    14 |     2 ||    16
       Kick              |    13 |       ||    13
       Punch             |     2 |       ||     2
 Cast: Beastly Appendage |    31 |     8 ||    39
       Sticks to Snakes  |       |     1 ||     1
  Use: Potion            |     1 |       ||     1
       Scroll            |       |     5 ||     5
 Stab: Sleeping          |     1 |       ||     1
Armor: Robe              |    18 |     3 ||    21
Dodge: Dodged            |   150 |    37 ||   187
Block: Other             |     3 |     2 ||     5
